 Dungeon Crawl Stone Soup version 0.26-a0-52-gd53d4cd058 (webtiles) character file.

Game seed: 2515881230357919660

495 MarredHen the Stinger (level 7, -8/50 HPs)
             Began as a Gnoll Venom Mage on June 6, 2020.
             Was a Follower of Ru.
             Mangled by Grinder (9 damage)
             ... while paralysed by Grinder
             ... on level 5 of the Dungeon.
             The game lasted 00:11:59 (4726 turns).

MarredHen the Stinger (Gnoll Venom Mage)            Turns: 4726, Time: 00:12:00

Health: -8/50      AC:  4    Str: 12    XL:     7   Next: 15%
Magic:  15/15      EV:  2    Int: 18    God:    Ru [*.....]
Gold:   116        SH:  0    Dex: 15    Spells: 14/17 levels left

rFire    . . .     SeeInvis .   k - +0 flail
rCold    . . .     Gourm    .   (no shield)
rNeg     + . .     Faith    .   y - +1 leather armour {rN+}
rPois    .         Spirit   .   (no helmet)
rElec    .         Reflect  .   (no cloak)
rCorr    .         Harm     .   (no gloves)
MR       +....                  (no boots)
Stlth    +++.......             n - amulet of the acrobat
HPRegen  0.16/turn              j - ring of protection from magic
MPRegen  0.14/turn              r - ring of wizardry

@: paralysed, hasted
A: distributed training, fangs 1, hated by all, strong nose
a: Renounce Religion


You were on level 5 of the Dungeon.
You worshipped Ru.
Ru was aware of your devotion.
You were not hungry.

You visited 1 branch of the dungeon, and saw 5 of its levels.

You collected 116 gold pieces.

Inventory:

Hand Weapons
 k - a +0 flail (weapon)
Armour
 y - a +1 leather armour of positive energy (worn)
Jewellery
 j - a ring of protection from magic (left hand)
 n - an amulet of the acrobat (around neck)
 r - a ring of wizardry (right hand)
Wands
 u - a wand of disintegration (9)
 v - a wand of flame (17)
 w - a wand of polymorph (8)
 x - a wand of acid (7)
Scrolls
 f - a scroll of remove curse
 g - 2 scrolls of immolation
 o - a scroll of enchant armour {unknown}
 p - a scroll of blinking {unknown}
Potions
 b - 2 potions of stabbing {unknown}
 e - 2 potions of lignification
 q - a potion of flight {unknown}
 s - 2 potions of invisibility
Comestibles
 c - 4 rations


   Skills:
 + Level 2.2 Fighting
 + Level 2.2 Short Blades
 + Level 2.2 Long Blades
 + Level 2.2 Axes
 + Level 2.2 Maces & Flails
 + Level 2.2 Polearms
 + Level 2.2 Staves
 + Level 2.2 Slings
 + Level 2.2 Bows
 + Level 2.2 Crossbows
 + Level 2.2 Throwing
 + Level 2.2 Armour
 + Level 5.1 Dodging
 + Level 4.8 Stealth
 + Level 2.2 Shields
 + Level 2.2 Unarmed Combat
 + Level 5.5 Spellcasting
 + Level 1.8 Conjurations
 + Level 1.8 Hexes
 + Level 1.8 Charms
 + Level 1.8 Summonings
 + Level 1.8 Necromancy
 + Level 1.8 Translocations
 + Level 2.8 Transmutations
 + Level 1.8 Fire Magic
 + Level 1.8 Ice Magic
 + Level 1.8 Air Magic
 + Level 1.8 Earth Magic
 + Level 5.7 Poison Magic
 + Level 2.5 Invocations
 + Level 2.2 Evocations


You had 14 spell levels left.
You knew the following spells:

 Your Spells              Type           Power        Failure   Level  Hunger
a - Sting                 Tmut/Pois      ###.         1%          1    None
b - Poisonous Vapours     Pois/Air       ###...       1%          2    #......

Your spell library contained the following spells:

 Spells                   Type           Power        Failure   Level  Hunger
 Ignite Poison            Fire/Tmut/Pois ###.....     4%          3    ##.....
 Mephitic Cloud           Conj/Pois/Air  ###.....     5%          3    ##.....
 Olgreb's Toxic Radiance  Pois           ####....     6%          4    ####...


Dungeon Overview and Level Annotations

Branches:
Dungeon (5/15)
 Temple: D:4-7

Altars:
Ru
Uskayaw

Annotations:
D:5 Grinder


Innate Abilities, Weirdness & Mutations

Your experience applies equally to all skills.
You have very sharp teeth.
You are hated by all.
Your uncanny sense of smell can sniff out nearby items.


Message History

Grinder barely misses you.
You hit Grinder.
Grinder is almost dead.
Grinder hits you!
You writhe in agony.
You barely miss Grinder.
Grinder is almost dead.
Grinder gestures at you.
You suddenly lose the ability to move!
Grinder hits you.
You writhe in agony.
* * * LOW HITPOINT WARNING * * *
Grinder hits you.
* * * LOW HITPOINT WARNING * * *
Grinder hits you.
* * * LOW HITPOINT WARNING * * *
You writhe in agony.
* * * LOW HITPOINT WARNING * * *
Grinder gestures at you. Pain shoots through your body!
* * * LOW HITPOINT WARNING * * *
Grinder hits you!
You die...

# ## .. .#
#. .# ##.
.# #
##..##.#
#.#......#
.......<.#
#.#....5.#
##...@.#
#........#
##.......#
#.......#
###...###
#... ##.#
#<


You could see Grinder (fast).

Vanquished Creatures
  Eustachio (D:4)
  An ogre (D:4)
  A crimson imp (D:3)
  Ijyb (D:3)
  4 gnolls (D:4)
  6 adders
  An ooze (D:2)
  3 worms
  6 dart slugs
  3 leopard geckos
  3 orcs
  9 bats
  2 giant cockroaches
  11 goblins
  9 hobgoblins
  3 jackals (D:3)
  2 quokkas
  3 ball pythons
  7 frilled lizards
  11 kobolds
  12 rats
99 creatures vanquished.

Vanquished Creatures (others)
  2 plants (D:2)
2 creatures vanquished.

Grand Total: 101 creatures vanquished

Notes
Turn   | Place    | Note
-------+----------+-------------------------------------------
     0 | D:1      | MarredHen the Gnoll Venom Mage began the quest for the Orb.
     0 | D:1      | Reached XP level 1. HP: 13/13 MP: 6/6
   219 | D:1      | Reached XP level 2. HP: 9/19 MP: 3/7
   891 | D:1      | Reached XP level 3. HP: 25/25 MP: 6/9
  1203 | D:2      | Reached skill level 5 in Spellcasting
  1310 | D:2      | Reached skill level 1 in Invocations
  1459 | D:2      | Reached skill level 1 in Fighting
  1459 | D:2      | Reached skill level 1 in Short Blades
  1459 | D:2      | Reached skill level 1 in Long Blades
  1459 | D:2      | Reached skill level 1 in Axes
  1459 | D:2      | Reached skill level 1 in Maces & Flails
  1459 | D:2      | Reached skill level 1 in Polearms
  1459 | D:2      | Reached skill level 1 in Staves
  1459 | D:2      | Reached skill level 1 in Slings
  1459 | D:2      | Reached skill level 1 in Bows
  1459 | D:2      | Reached skill level 1 in Crossbows
  1459 | D:2      | Reached skill level 1 in Throwing
  1459 | D:2      | Reached skill level 1 in Armour
  1459 | D:2      | Reached skill level 1 in Shields
  1459 | D:2      | Reached skill level 1 in Unarmed Combat
  1459 | D:2      | Reached skill level 1 in Evocations
  1459 | D:2      | Reached XP level 4. HP: 18/32 MP: 6/11
  1742 | D:2      | Found a sacrificial altar of Ru.
  2060 | D:2      | Reached skill level 1 in Conjurations
  2060 | D:2      | Reached skill level 1 in Hexes
  2060 | D:2      | Reached skill level 1 in Charms
  2060 | D:2      | Reached skill level 1 in Summonings
  2060 | D:2      | Reached skill level 1 in Necromancy
  2060 | D:2      | Reached skill level 1 in Translocations
  2060 | D:2      | Reached skill level 1 in Fire Magic
  2060 | D:2      | Reached skill level 1 in Ice Magic
  2060 | D:2      | Reached skill level 1 in Air Magic
  2060 | D:2      | Reached skill level 1 in Earth Magic
  2497 | D:2      | Became a worshipper of Ru the Awakened
  2643 | D:3      | Reached XP level 5. HP: 18/37 MP: 1/12
  2914 | D:3      | Found a hide-covered altar of Uskayaw.
  3016 | D:3      | Learned a level 2 spell: Poisonous Vapours
  3181 | D:3      | Noticed Ijyb
  3189 | D:3      | Killed Ijyb
  3701 | D:4      | Reached XP level 6. HP: 25/44 MP: 1/13
  3711 | D:4      | HP: 1/44 [gnoll/+0 spear (5)]
  3716 | D:4      | HP: 2/44 [gnoll/+0 spear (8)]
  4112 | D:4      | Gained mutation: You are hated by all. [Ru sacrifice]
  4112 | D:4      | Reached * piety under Ru
  4286 | D:4      | Reached skill level 5 in Dodging
  4379 | D:4      | Noticed Eustachio
  4400 | D:4      | Killed Eustachio
  4400 | D:4      | Reached XP level 7. HP: 50/50 MP: 4/15
  4702 | D:5      | Entered Level 5 of the Dungeon
  4702 | D:5      | Noticed Grinder
  4723 | D:5      | Paralysed by Grinder for 3 turns
  4725 | D:5      | HP: 1/50 [Grinder/nerve-wracking pain (4)]
  4726 | D:5      | Mangled by Grinder

Illustrated notes

Levels and vault maps discovered:
D:1:      sevenhm_arrival_forest_fort_small_5, layout_basic
D:2:      layout_basic, nicolae_ru_sacrificial_ziggurat,
          kennysheep_another_room, lexackson_kobold_supper
D:3:      layout_rooms, lemuel_round_altar, minmay_guardbox, uniq_ijyb
D:4:      layout_basic, uniq_eustachio
D:5:      layout_loops_corners, first_ration, uniq_grinder

Skill      XL: |  1  2  3  4  5  6 |
---------------+-------------------+-----
Transmutations | 2 |  2.8
Spellcasting   | 5 |  5.5
Invocations    | 1 2 |  2.5
Fighting       | 1 2 |  2.2
Short Blades   | 1 2 |  2.2
Long Blades    | 1 2 |  2.2
Axes           | 1 2 |  2.2
Maces & Flails | 1 2 |  2.2
Polearms       | 1 2 |  2.2
Staves         | 1 2 |  2.2
Slings         | 1 2 |  2.2
Bows           | 1 2 |  2.2
Crossbows      | 1 2 |  2.2
Throwing       | 1 2 |  2.2
Armour         | 1 2 |  2.2
Shields        | 1 2 |  2.2
Unarmed Combat | 1 2 |  2.2
Evocations     | 1 2 |  2.2
Conjurations   | 1 |  1.8
Hexes          | 1 |  1.8
Charms         | 1 |  1.8
Summonings     | 1 |  1.8
Necromancy     | 1 |  1.8
Translocations | 1 |  1.8
Fire Magic     | 1 |  1.8
Ice Magic      | 1 |  1.8
Air Magic      | 1 |  1.8
Earth Magic    | 1 |  1.8
Dodging        | 5 |  5.1
Stealth        | |  4.8
Poison Magic   | |  5.7

Action                   |  1- 3 |  4- 6 |  7- 9 || total
-------------------------+-------+-------+-------++-------
Melee: Flail             |       |    72 |    17 ||    89
       Bite              |       |     8 |     1 ||     9
       Punch             |       |     2 |       ||     2
 Cast: Sting             |    59 |    89 |       ||   148
       Poisonous Vapours |       |    45 |       ||    45
Invok: Sacrifice Love    |       |     1 |       ||     1
  Use: Scroll            |     2 |     4 |     2 ||     8
       Potion            |       |     3 |     2 ||     5
 Stab: Sleeping          |       |       |     1 ||     1
  Eat: Ration            |     1 |     2 |       ||     3
       Chunk             |       |     2 |       ||     2
Armor: Robe              |       |    13 |       ||    13
       Skin              |       |    26 |       ||    26
       Leather armour    |       |       |     2 ||     2
Dodge: Dodged            |    15 |   120 |    12 ||   147

Table legend:
 A = Non-vault XP
 B = Vault XP
 C = Vault XP percentage of total XP
 D = Non-vault monster count
 E = Vault monster count
 F = Vault count percentage of total count
                 A         B        C        D         E       F
            +---------+---------+-------+---------+---------+-------
      Total |     393 |     315 |  44.5 |      78 |      21 |  21.2
            +---------+---------+-------+---------+---------+-------
        D:1 |      37 |       0 |   0.0 |      23 |       0 |   0.0
        D:2 |     100 |      11 |   9.9 |      19 |       7 |  26.9
        D:3 |      54 |     108 |  66.7 |      27 |      13 |  32.5
        D:4 |     202 |     196 |  49.2 |       9 |       1 |  10.0
            +---------+---------+-------+---------+---------+-------
